 Dungeon Crawl Stone Soup version 0.28.0-43-g3370ac3207 (webtiles) character file.

Game seed: 12379053255739089472

41 terff the Sneak (level 3, 0/24 HPs)
             Began as an Octopode Brigand on Mar 20, 2022.
             Splashed by a jelly's acid (8 damage)
             ... on level 5 of the Dungeon.
             The game lasted 00:03:15 (1063 turns).

terff the Sneak (Octopode Brigand)                  Turns: 1063, Time: 00:03:16

Health: 0/24       AC: -3    Str: 10    XL:     3   Next: 52%
Magic:  3/3        EV: 12    Int: 13    God:
Gold:   66         SH:  0    Dex: 15    Spells: 2/2 levels left

rFire   . . .      SeeInvis .   e - +1 short sword (drain)
rCold   . . .      Faith    .   (no shield)
rNeg    . . .      Spirit   .   (helmet restricted)
rPois   .          Reflect  .   (no amulet)
rElec   .          Harm     .   (no ring)
rCorr   .          Rampage  .   (no ring)
Will    .....                   (no ring)
Stlth   ++++......              (no ring)
HPRegen 0.08/turn               (no ring)
MPRegen 0.08/turn               (no ring)
                                (no ring)
                                (no ring)

@: corroded
A: almost no armour, amphibious, 8 rings, camouflage 1, gelatinous body 1,
(nimble swimmer 1), tentacles
a: no special abilities


You were on level 5 of the Dungeon.
You visited 1 branch of the dungeon, and saw 5 of its levels.

You collected 66 gold pieces.

Inventory:

Hand Weapons
 a - a +2 dagger
 e - a +1 short sword of draining (weapon)
Missiles
 b - 8 poisoned darts (quivered)
 c - 2 curare-tipped darts
Jewellery
 g - a ring of positive energy
Wands
 k - a wand of paralysis (2)
Scrolls
 d - a scroll of identify {unknown}
 f - a scroll of immolation {unknown}
 h - a scroll of teleportation {unknown}
 i - a scroll of summoning {unknown}
 j - a scroll of holy word {unknown}
Potions
 l - a potion of heal wounds {unknown}


   Skills:
 + Level 2.0 Fighting
 + Level 2.2 Short Blades
 + Level 2.1 Throwing
 + Level 1.0 Dodging
 + Level 6.7 Stealth


You had 2 spell levels left.
You didn't know any spells.
Your spell library contained the following spells:

 Spells                   Type           Power      Damage    Failure   Level
 Blade Hands              Tmut           0%         N/A       100%        5
 Iron Shot                Conj/Erth      0%         9d1       100%        6
 Animate Armour           Summ/Erth      Unusable   N/A       N/A         4

Dungeon Overview and Level Annotations

Branches:
Dungeon (5/15)
 Temple: D:4-7

Altars:
Cheibriados
Elyvilon
Zin


Innate Abilities, Weirdness & Mutations

You cannot wear most types of armour.
You are amphibious.
You can wear up to eight rings at the same time.
Your skin changes colour to match your surroundings (Stealth+).
Your rubbery body absorbs attacks. (AC +1, EV +1)
((You are camouflaged when in or above water. (Stealth+)))
You have tentacles for arms and can constrict up to eight enemies at once.


Message History

Found 13 gold pieces.
You now have 66 gold pieces (gained 13).
You open the door.
Found 23 sling bullets.
There is an open door here.
There is an open door here.
As you open the door, it creaks loudly!
Found 24 stones.
There is an open door here.
You hear the slow hiss of an avalanche of sand nearby.
You open the door.
There is an open door here.
You open the door.
There is an open door here.
You open the door.
There is an open door here.
You open the door.
There is an open door here.
You hear the slow hiss of a very distant avalanche of sand.
Found a stone staircase leading up.
You open the door.
Found a fuming yellow potion.
There is an open door here.
There are no items here.
l - a fuming yellow potion
There are no items here.
There is an open door here.
Found a stone staircase leading up.
There is an open door here.
You hear the slow hiss of a very distant avalanche of sand.
You open the door.
There is an open door here.
There is an open door here.
A jelly comes into view.
The jelly hits you.
You are splashed with acid!
The jelly hits you. The acid corrodes you!
You are splashed with acid.
You barely miss the jelly. You squeeze the jelly.
The jelly is moderately wounded.
The jelly hits you.
You are splashed with acid!
You die...

# ... # ... #....# .... ####
#....# ..... #..## #....#
.....#+###... #....#
........#..# #....# #...J#..#
#....# +..@.##'## #....#
#........# #....'
##########....######....#
#....##..#..............#
#....#...#..............+
#....#...#..............#
###'####..#..............#
#......#..########'##....#
#######......#............#.....


You could see a jelly.

Vanquished Creatures
  3 adders
  An endoplasm (D:1)
  3 goblins
  A hobgoblin (D:3)
  2 jackals (D:1)
  A kobold (D:1)
  A ball python (D:3)
  A frilled lizard (D:1)
  2 rats
15 creatures vanquished.

Notes
Turn   | Place    | Note
-------+----------+-------------------------------------------
     0 | D:1      | terff the Octopode Brigand began the quest for the Orb.
     0 | D:1      | Reached XP level 1. HP: 14/14 MP: 1/1
   155 | D:1      | Reached XP level 2. HP: 19/19 MP: 2/2
   191 | D:2      | Reached skill level 6 in Stealth
   500 | D:3      | Found a glowing silver altar of Zin.
   505 | D:3      | Found a snail-covered altar of Cheibriados.
   555 | D:3      | Reached XP level 3. HP: 22/24 MP: 3/3
   564 | D:4      | Noticed a scorpion
   564 | D:4      | Noticed a black bear
   817 | D:4      | Found a white marble altar of Elyvilon.
   897 | D:5      | Entered Level 5 of the Dungeon
  1063 | D:5      | Splashed by a jelly's acid

Illustrated notes

Levels and vault maps discovered:
D:1:      lightli_arrival_boilingwater, layout_basic, glass_columns_a
D:2:      layout_basic, serial_forest, infiniplex_forest_end_1,
          infiniplex_forest_end_2, infiniplex_forest_zigzag_2,
          infiniplex_forest_clump_double, infiniplex_forest_end_2,
          infiniplex_forest_clump_double, infiniplex_forest_clump_diagonal,
          infiniplex_forest_lined_2, infiniplex_forest_clump_tiny,
          infiniplex_forest_clump_long
D:3:      layout_basic, mainiacjoe_overflow_big_doors,
          nicolae_figureground_pulse
D:4:      layout_rooms, kennysheep_little_box, amcnicky_altar_gilded,
          minmay_bisected
D:5:      layout_gridville, enter_ossuary_4

Skill      XL: |  1  2 |
---------------+-------+-----
Stealth        | 6 |  6.7
Fighting       | |  2.0
Short Blades   | |  2.2
Throwing       | |  2.1
Dodging        | |  1.0

Action                   || total
-------------------------++-------
Melee: Short sword       ||    28
       Tentacles         ||     6
       Dagger            ||     2
       Constrict         ||     6
 Stab: Sleeping          ||     3
Armor: Skin              ||     1
Dodge: Dodged            ||    13
